 Dungeon Crawl Stone Soup version 0.17-a0-1404-gb8113a6 (webtiles) character file.

80 zeke the Firebug (level 4, 0/33 HPs)
             Began as a Draconian Fire Elementalist on June 21, 2015.
             Slain by Grinder (6 damage)
             ... while paralysed by Grinder
             ... on level 3 of the Dungeon.
             The game lasted 00:08:19 (1930 turns).

zeke the Firebug (Draconian Fire Elementalist)      Turns: 1930, Time: 00:08:19

Health: 0/33       AC:  5    Str: 11    XL:     4   Next: 18%
Magic:  0/8        EV:  2    Int: 16    God:
Gold:   69         SH:  0    Dex: 11    Spells: 1 memorised, 7 levels left

rFire  . . .     SeeInvis .     l - +0 dagger
rCold  . . .     Clarity  .     (armour unavailable)
rNeg   . . .     SustAt   .     (no shield)
rPois  .         Gourm    .     (helmet restricted)
rElec  .         Spirit   .     (no cloak)
rCorr  .         Warding  .     (no gloves)
rMut   .         Stasis   .     (no boots)
MR     .....                    (no amulet)
Stlth  ++........               (no ring)
                                (no ring)

@: paralysed, very slightly contaminated, not resistant to hostile enchantments,
unstealthy
A: unfitting armour, cold-blooded, AC +5
a: no special abilities


You were on level 3 of the Dungeon.
You were not hungry.

You visited 1 branch of the dungeon, and saw 3 of its levels.

You collected 69 gold pieces.

Inventory:

Hand weapons
 l - a +0 dagger (weapon)
Scrolls
 c - a scroll of magic mapping {unknown}
 f - a scroll of identify {unknown}
 j - 4 scrolls of immolation {unknown}
 k - a scroll of random uselessness {unknown}
 n - a scroll of enchant armour {unknown}
Potions
 d - a potion of lignification {unknown}
 e - a potion of resistance {unknown}
 h - a potion of agility {unknown}
Books
 a - a book of Flames

   Spells                             Type                      Level
   a - Flame Tongue                   Conjuration/Fire             1
   b - Throw Flame                    Conjuration/Fire             2
   c - Conjure Flame                  Conjuration/Fire             3
   d - Inner Flame                    Hexes/Fire                   3
   e - Sticky Flame                   Conjuration/Fire             4
   f - Fireball                       Conjuration/Fire             5
Miscellaneous
 i - a plain deck of summoning
Comestibles
 b - a bread ration
 g - a meat ration
 m - 4 chunks of flesh


   Skills:
 + Level 0.2 Fighting
 + Level 0.4 Short Blades
 - Level 2.0 Dodging
 + Level 1.9 Stealth
 + Level 2.7 Spellcasting
 + Level 1.7 Conjurations
 + Level 3.9 Fire Magic


You had 7 spell levels left.
You knew the following spells:

 Your Spells              Type           Power        Failure   Level  Hunger
a - Flame Tongue          Conj/Fire      ##...        8%          1    #......


Dungeon Overview and Level Annotations

Branches:
Dungeon (3/15)

Altars:
Nemelex Xobeh

Annotations:
D:3 Grinder


Innate Abilities, Weirdness & Mutations

Your plain brown scales are hard (AC +5).
Your body does not fit into most forms of armour.
You are cold-blooded and may be slowed by cold attacks.


Message History

The flame tongue hits Grinder.
Grinder is heavily wounded.
Grinder hits you.
* * * LOW HITPOINT WARNING * * *
Casting: Flame Tongue
Confirm with . or Enter, or press ? or * to list all spells.
Aiming: Flame Tongue
Press: ? - help, Shift-Dir - straight line, f/p - Grinder
Aim: Grinder (heavily wounded)
You miscast Flame Tongue.
Wisps of smoke drift from your hands. Grinder closely misses you.
Casting: Flame Tongue
Confirm with . or Enter, or press ? or * to list all spells.
You don't have enough magic to cast that spell.
Unknown command.
Grinder drinks a potion.
Grinder is healed!
Grinder gestures at you.
You suddenly lose the ability to move!
Grinder hits you.
You die...

#....# #.# #....#
#.# ###
#....######..
#.####........##..
#....'........##..
#.####........<...
#.# #........##..
#(# ####.....##..
#@# #.#+####.. #5#
.... #.. #.#
###... ... #.# ###
##. #.# $ #.# #.#
... ###


You could see Grinder.

Vanquished Creatures
  4 adders (D:2)
  A worm (D:3)
  A giant gecko (D:2)
  2 ball pythons
  9 bats
  8 goblins
  6 hobgoblins
  3 jackals (D:2)
  2 giant newts (D:1)
  4 kobolds
  4 rats
44 creatures vanquished.

Notes
Turn   | Place    | Note
--------------------------------------------------------------
     0 | D:1      | zeke the Draconian Fire Elementalist began the quest for the Orb.
     0 | D:1      | Reached XP level 1. HP: 14/14 MP: 3/3
   311 | D:1      | Reached XP level 2. HP: 20/20 MP: 0/5
   484 | D:1      | Found a sparkling altar of Nemelex Xobeh.
  1013 | D:2      | Reached XP level 3. HP: 22/26 MP: 0/6
  1621 | D:2      | Reached XP level 4. HP: 30/33 MP: 0/8
  1915 | D:3      | Noticed Grinder
  1928 | D:3      | Paralysed by Grinder for 6 turns
  1930 | D:3      | Slain by Grinder

Vault maps used:
D:1:      dpeg_arrival_rhombus, nemelex_deck
D:3:      uniq_grinder

Action                   |  1- 3 |  4- 6 || total
-------------------------+-------+-------++-------
Melee: Unarmed           |    10 |       ||    10
       Dagger            |    50 |     3 ||    53
 Cast: Flame Tongue      |    60 |    17 ||    77
  Eat: Chunk             |     1 |     3 ||     4
